 Dungeon Crawl Stone Soup version 0.23-a0-451-g1044d4cbad (webtiles) character file.

877 LostNumber the Caller (level 7, -13/52 HPs)
             Began as a Mummy Summoner on Nov 22, 2018.
             Was a Believer of Okawaru.
             Mangled by Duvessa
             ... wielding a +2 short sword of speed
              (14 damage)
             ... on level 6 of the Dungeon.
             The game lasted 00:11:59 (7133 turns).

LostNumber the Caller (Mummy Summoner)              Turns: 7133, Time: 00:12:00

Health: -13/52     AC:  5    Str: 12    XL:     7   Next: 75%
Magic:  6/14       EV: 12    Int: 16    God:    Okawaru [**....]
Gold:   411        SH:  0    Dex: 12    Spells: 2/16 levels left

rFire    . . .     SeeInvis .   i - +0 spear
rCold    + + .     Gourm    .   (no shield)
rNeg     + + +     Faith    .   r - +2 robe {rF+}
rPois    ∞         Spirit   .   (no helmet)
rElec    .         Reflect  .   (no cloak)
rCorr    .         Harm     .   f - +0 pair of gloves
MR       .....                  (no boots)
Stlth    ++........             (no amulet)
HPRegen  0.17/turn              n - ring of protection from cold
MPRegen  0.14/turn              j - ring of wizardry

@: no status effects
A: no food or potions, fire vulnerability, cold resistance 1, negative energy
resistance 3, torment resistance, unbreathing
a: Heroism, Renounce Religion


You were on level 6 of the Dungeon.
You worshipped Okawaru.
Okawaru was pleased with you.
You were not hungry.

You visited 2 branches of the dungeon, and saw 7 of its levels.

You collected 411 gold pieces.

Inventory:

Hand Weapons
 b - a +0 short sword
 h - a +1 dagger of flaming
 i - a +0 spear (weapon)
Armour
 a - a +0 robe
 f - a +0 pair of gloves (worn)
 k - a +0 ring mail
 m - a +2 robe of cold resistance
 q - a +3 leather armour of poison resistance
 r - a +2 robe of fire resistance (worn)
Jewellery
 j - a ring of wizardry (right hand)
 n - a ring of protection from cold (left hand)
Wands
 g - a wand of polymorph (8)
 p - a wand of digging (1)
Scrolls
 c - 4 scrolls of immolation
 d - 4 scrolls of identify
 e - 2 scrolls of enchant armour
 l - 2 scrolls of magic mapping {unknown}
 o - a scroll of amnesia


   Skills:
 + Level 3.2 Fighting
 + Level 2.2 Polearms
 - Level 1.5 Dodging
 - Level 1.5 Stealth
 + Level 5.1 Spellcasting
 + Level 5.2 Summonings
 * Level 2.3 Ice Magic
 * Level 1.6 Air Magic
 + Level 1.1 Invocations


You had 2 spell levels left.
You knew the following spells:

 Your Spells              Type           Power        Failure   Level  Hunger
a - Summon Small Mammal   Summ           ###.         1%          1    N/A
b - Call Imp              Summ           ###.....     1%          2    N/A
c - Call Canine Familiar  Summ           ###.....     2%          3    N/A
d - Summon Ice Beast      Ice/Summ       ###.....     13%         4    N/A
e - Summon Lightning Spi  Summ/Air       ###.....     16%         4    N/A

Your spell library contained the following spells:

 Spells                   Type           Power        Failure   Level  Hunger
 Corona                   Hex            #......      6%          1    N/A
 Ensorcelled Hibernation  Hex/Ice        #.....       6%          2    N/A
 Summon Guardian Golem    Hex/Summ       ##......     6%          3    N/A
 Confuse                  Hex            #.......     17%         3    N/A
 Dazzling Spray           Conj/Hex       #.....       17%         3    N/A
 Tukima's Dance           Hex            #.......     17%         3    N/A

Dungeon Overview and Level Annotations

Branches:
Dungeon (6/15)             Temple (1/1) D:4

Altars:
Cheibriados
Kikubaaqudgha
Makhleb
Okawaru
Qazlal
Sif Muna
Trog

Shops:
D:5 [

Annotations:
D:3 exclusion: door
D:4 1 runed door, hemabe's ghost, amateur HuAr
D:6 Duvessa


Innate Abilities, Weirdness & Mutations

You do not eat or drink.
Your flesh is vulnerable to fire.
You are immune to poison.
Your flesh is cold resistant. (rC+)
You are immune to negative energy. (rN+++)
You are immune to unholy pain and torment.
You can survive without breathing.


Message History

* * * LOW HITPOINT WARNING * * *
Your hound bites Duvessa but does no damage.
Duvessa completely misses you.
Your ice beast barely misses Duvessa.
Unknown command.
Your hound completely misses Duvessa.
Duvessa hits you with a +2 short sword of speed!
* * * LOW HITPOINT WARNING * * *
Your hound bites Duvessa but does no damage.
Duvessa hits you but does no damage.
Your ice beast barely misses Duvessa.
Unknown command.
Your hound bites Duvessa.
Your ice beast barely misses Duvessa.
Duvessa closely misses you.
Evoke which item? (* to show all) (? for menu, Esc to quit)
Okay, then.
Okay, then.
You can't drink.
Unknown command.
Okay, then.
Duvessa hits you with a +2 short sword of speed!
You die...

##..........##
#............##
#.............#
##......../....#
#..............####
##...Y............
#.....h.(......#
#.....e........#
##.....@......##
#.........(...##..
#..#.......<†....._
#..#####..####...#..
### ##.. ...# ##..
.# ..# .. #.. .. #


You could see Duvessa (berserk), a friendly ice beast and a friendly hound.

Vanquished Creatures
  A howler monkey (D:5)
  A centaur skeleton (D:4)
  Ijyb (D:4)
  2 worker ants
  6 gnolls
  3 adders
  An ooze (D:2)
  An adder skeleton (D:4)
  A worm (D:5)
  A dart slug (D:1)
  4 leopard geckos
  4 orcs
  5 bats
  6 giant cockroaches
  8 goblins
  7 hobgoblins
  5 jackals
  6 kobolds
  2 quokkas (D:5)
  3 frilled lizards
  A quokka skeleton (D:5)
  10 rats
79 creatures vanquished.

Vanquished Creatures (collateral kills)
  Sigmund (D:2)
  Eustachio (D:4)
  An ice beast (D:6)
  A sky beast (D:6)
  An ogre (D:5)
  Dowan (D:6)
  A howler monkey (D:4)
  A quasit (D:6)
  An orc wizard (D:4)
  An iguana (D:4)
  A worker ant (D:6)
  9 gnolls
  5 adders
  A worm (D:2)
  A dart slug (D:1)
  3 leopard geckos
  2 orcs (D:4)
  A ball python (D:4)
  A giant cockroach (D:2)
  A goblin (D:2)
  3 hobgoblins (D:1)
  5 jackals
  2 kobolds
  A frilled lizard (D:1)
  A leopard gecko zombie (D:6)
  A rat (D:2)
48 creatures vanquished.

Grand Total: 127 creatures vanquished

Notes
Turn   | Place    | Note
-------+----------+-------------------------------------------
     0 | D:1      | LostNumber the Mummy Summoner began the quest for the Orb.
     0 | D:1      | Reached XP level 1. HP: 13/13 MP: 4/4
   158 | D:1      | Reached XP level 2. HP: 12/20 MP: 5/5
   271 | D:1      | Learned a level 2 spell: Call Imp
   663 | D:1      | Reached skill level 1 in Fighting
   897 | D:1      | Reached XP level 3. HP: 26/26 MP: 4/7
   902 | D:1      | Learned a level 3 spell: Call Canine Familiar
  2422 | D:2      | Reached XP level 4. HP: 32/32 MP: 9/9
  2502 | D:2      | Found an iron altar of Okawaru.
  2505 | D:2      | Noticed Sigmund
  2540 | D:2      | Killed Sigmund
  2540 | D:2      | Reached skill level 1 in Polearms
  2540 | D:2      | Reached XP level 5. HP: 31/38 MP: 1/11
  2562 | D:2      | Became a worshipper of Warmaster Okawaru
  2638 | D:2      | Learned a level 4 spell: Summon Ice Beast
  3275 | D:3      | Found a deep blue altar of Sif Muna.
  3841 | D:4      | Reached XP level 6. HP: 39/46 MP: 12/12
  3985 | D:4      | Found a staircase to the Ecumenical Temple.
  4041 | D:4      | Noticed Ijyb
  4065 | D:4      | Killed Ijyb
  4333 | D:4      | Found a runed door.
  4333 | D:4      | Noticed hemabe's ghost (amateur HuAr)
  4533 | D:4      | Noticed Eustachio
  4564 | Temple   | Entered the Ecumenical Temple
  4728 | D:4      | Killed Eustachio
  4728 | D:4      | Reached * piety under Okawaru
  4728 | D:4      | Reached skill level 5 in Summonings
  4728 | D:4      | Reached skill level 1 in Ice Magic
  4809 | D:4      | Learned a level 4 spell: Summon Lightning Spire
  4939 | D:4      | Found a burning altar of Makhleb.
  4965 | D:4      | Found a stormy altar of Qazlal.
  5157 | D:5      | Entered Level 5 of the Dungeon
  5263 | D:5      | Reached XP level 7. HP: 51/51 MP: 8/14
  5266 | D:5      | Found Linatish's Armour Shop.
  5478 | D:5      | Found a snail-covered altar of Cheibriados.
  6092 | D:5      | Reached skill level 1 in Air Magic
  6534 | D:6      | Noticed Dowan
  6650 | D:6      | Killed Dowan
  6867 | D:6      | Found an ancient bone altar of Kikubaaqudgha.
  6883 | D:6      | Reached skill level 5 in Spellcasting
  6883 | D:6      | Reached skill level 1 in Invocations
  7039 | D:6      | Found a bloodstained altar of Trog.
  7061 | D:6      | Reached ** piety under Okawaru
  7114 | D:6      | Noticed Duvessa
  7130 | D:6      | HP: 1/52 [Duvessa/+2 short sword of speed (11)]
  7133 | D:6      | Mangled by Duvessa

Vault maps used:
D:1:      psy_arrival_spokes, chequers_serial_rivers_large_b,
          grunt_decor_resistance, columned_hall_lemuel
D:2:      okawaru_gym_becter, uniq_sigmund
D:3:      led_sif_book, first_ration
D:4:      marbit_many_paths, kennysheep_little_box, minmay_temple_entry_arrows,
          hellmonk_ghost_happy_afterlife, uniq_ijyb, uniq_eustachio
D:5:      slow_altar_1, serial_shops, nicolae_shop_stone
D:6:      lemuel_crystal_altar, trog_three_pillars_becter, uniq_duvessa
Temple:   nicolae_temple_figure_zero

Skill      XL: |  1  2  3  4  5  6  7 |
---------------+----------------------+-----
Spellcasting   | 3 4 5 |  5.1
Fighting       | 1 2 3 |  3.2
Summonings     | 4 5 |  5.2
Polearms       | 1 2 |  2.2
Ice Magic      | 1 2 |  2.3
Air Magic      | 1 |  1.6
Invocations    | 1 |  1.1
Dodging        | |  1.5
Stealth        | |  1.5

Action                   |  1- 3 |  4- 6 |  7- 9 || total
-------------------------+-------+-------+-------++-------
Melee: Short sword       |   143 |       |       ||   143
       Unarmed           |     2 |       |       ||     2
       Dagger            |     5 |       |       ||     5
       Spear             |     2 |   249 |   164 ||   415
 Cast: Summon Small Mamm |     1 |       |       ||     1
       Call Imp          |     4 |    17 |    16 ||    37
       Call Canine Famil |     3 |    15 |    12 ||    30
       Summon Ice Beast  |       |       |     2 ||     2
  Use: Scroll            |       |     5 |     1 ||     6
 Stab: Sleeping          |     2 |       |     3 ||     5
Armor: Robe              |    34 |    14 |     9 ||    57
       Ring mail         |       |    37 |       ||    37
       Leather armour    |       |    12 |    62 ||    74
Dodge: Dodged            |   126 |   145 |    84 ||   355

Table legend:
 A = Non-vault XP
 B = Vault XP
 C = Vault XP percentage of total XP
 D = Non-vault monster count
 E = Vault monster count
 F = Vault count percentage of total count
                 A         B        C        D         E       F
            +---------+---------+-------+---------+---------+-------
      Total |     909 |     344 |  27.5 |     121 |       6 |   4.7
            +---------+---------+-------+---------+---------+-------
        D:1 |      54 |       0 |   0.0 |      29 |       0 |   0.0
        D:2 |      92 |     121 |  56.8 |      30 |       1 |   3.2
        D:3 |     102 |       0 |   0.0 |      19 |       0 |   0.0
        D:4 |     150 |     179 |  54.4 |      17 |       3 |  15.0
        D:5 |     288 |       5 |   1.7 |      19 |       1 |   5.0
        D:6 |     223 |      39 |  14.9 |       7 |       1 |  12.5
            +---------+---------+-------+---------+---------+-------
